 Dungeon Crawl Stone Soup version 0.27-a0-1242-ge70438ac7b (webtiles) character file.

Game seed: 5584790528883699395

1217 27snakeeyes612 the Chopper (level 8, -10/73 HPs)
             Began as a Naga Fighter on June 9, 2021.
             Mangled by a two-headed ogre
             ... wielding a +0 giant spiked club
              (11 damage)
             ... on level 5 of the Dungeon.
             The game lasted 00:04:41 (5914 turns).

27snakeeyes612 the Chopper (Naga Fighter)           Turns: 5914, Time: 00:04:42

Health: -10/73     AC:  7    Str: 20    XL:     8   Next: 46%
Magic:  8/8        EV:  6    Int:  9    God:
Gold:   184        SH:  9    Dex: 11    Spells: 7/7 levels left

rFire    . . .     SeeInvis +   a - +0 war axe
rCold    . . .     Faith    .   c - +0 kite shield
rNeg     . . .     Spirit   .   b - +0 scale mail
rPois    +         Reflect  .   (no helmet)
rElec    .         Harm     .   (no cloak)
rCorr    .         Rampage  .   (no gloves)
Will     +....                  (no barding)
Stlth    ..........             (no amulet)
HPRegen  0.22/turn              (no ring)
MPRegen  0.11/turn              (no ring)

@: very slow
A: AC +2, large, see invisible, deformed body, poison resistance, slowness 2,
spit poison 1, naga tail 1
a: Spit Poison


You were on level 5 of the Dungeon.
You visited 1 branch of the dungeon, and saw 5 of its levels.

You collected 184 gold pieces.

Inventory:

Hand Weapons
 a - a +0 war axe (weapon)
Armour
 b - a +0 scale mail (worn)
 c - a +0 kite shield (worn)
 o - a +0 plate armour
Jewellery
 d - an amulet of faith
Scrolls
 q - 2 scrolls of identify
Potions
 e - 2 potions of curing
 g - a potion of degeneration {unknown}
 h - a potion of ambrosia {unknown}
 j - 2 potions of attraction
 k - a potion of haste {unknown}
 l - a potion of brilliance {unknown}


   Skills:
 + Level 4.5 Fighting
 + Level 6.5 Axes
 + Level 5.0 Armour
 + Level 2.0 Dodging
 + Level 0.9 Stealth
 + Level 3.4 Shields
 + Level 1.0 Evocations


You had 7 spell levels left.
You didn't know any spells.
Your spell library was empty.

Dungeon Overview and Level Annotations

Branches:
Dungeon (5/15)
 Temple: D:4-7

Altars:
Ashenzari
Xom

Annotations:
D:4 1 runed translucent door, DeathSun's ghost, amateur DrFE


Innate Abilities, Weirdness & Mutations

Your serpentine skin is tough. (AC +2)
You have supernaturally acute eyesight. (SInv)
Armour fits poorly on your strangely shaped body.
Your system is resistant to poisons. (rPois)
You cover ground very slowly.
You can spit poison.
You have a snake-like lower body.


Message History

Press: ? - help, Q - select action, (/) - cycle Shift-Dir - straight line, f/p - two-headed ogre
Aim: a two-headed ogre, wielding a +0 giant spiked club and a +0 giant club (73% to hit, chance to blind on hit: 3%)
You throw an atropa-tipped dart.
The atropa-tipped dart hits the two-headed ogre.
The two-headed ogre resists.
Throw: 2 darts (atropa)
Press: ? - help, Q - select action, (/) - cycle Shift-Dir - straight line, f/p - two-headed ogre
Aim: a two-headed ogre, wielding a +0 giant spiked club and a +0 giant club (73% to hit, chance to blind on hit: 3%)
You throw an atropa-tipped dart.
The atropa-tipped dart hits the two-headed ogre.
The two-headed ogre resists.
Throw: dart (atropa)
Press: ? - help, Q - select action, (/) - cycle Shift-Dir - straight line, f/p - two-headed ogre
Aim: a two-headed ogre, wielding a +0 giant spiked club and a +0 giant club (73% to hit, chance to blind on hit: 3%)
You throw an atropa-tipped dart.
The atropa-tipped dart hits the two-headed ogre.
The two-headed ogre resists.
You block the two-headed ogre's attack. The two-headed ogre barely misses you.
Okay, then.
Your shield and scale mail prevent you from hitting the two-headed ogre.
The two-headed ogre barely misses you.
The two-headed ogre hits you with a +0 giant club!
You hit the two-headed ogre.
The two-headed ogre is lightly wounded.
The two-headed ogre barely misses you. You block the two-headed ogre's attack.
You hit the two-headed ogre.
The two-headed ogre is lightly wounded.
The two-headed ogre hits you with a +0 giant spiked club!
The two-headed ogre hits you with a +0 giant club!
You hit the two-headed ogre but do no damage.
The two-headed ogre is lightly wounded.
The two-headed ogre hits you with a +0 giant spiked club!
The two-headed ogre completely misses you.
You slash the two-headed ogre!
The two-headed ogre is moderately wounded.
The two-headed ogre hits you with a +0 giant spiked club!!
* * * LOW HITPOINT WARNING * * *
The two-headed ogre barely misses you. You block the two-headed ogre's attack.
The two-headed ogre hits you with a +0 giant club!
You die...

... ..# # .(# #.
.( # .##.##.# ...#
.(... ..# #..# ..#
#O# ..# #@# #.#
#.# ########.# #.#
#.....##.##
#.####.###.....#
#......# #.##..#
######.###.##..###
#............
###.##.##.###
#.#...#.#


You could see a two-headed ogre.

Vanquished Creatures
  Grinder (D:4)
  Sigmund (D:5)
  An ice beast (D:5)
  A black bear (D:4)
  2 ogres
  A gnoll sergeant (D:5)
  A scorpion (D:4)
  A water moccasin skeleton (D:4)
  A howler monkey (D:4)
  A hound (D:5)
  2 iguanas (D:5)
  4 gnolls (D:4)
  8 adders
  An ufetubus (D:4)
  An adder skeleton (D:4)
  5 worms
  A dart slug (D:2)
  12 orcs
  7 ball pythons
  5 bats
  6 endoplasms
  A giant cockroach (D:4)
  6 hobgoblins
  7 jackals
  3 quokkas
  2 frilled lizards
  5 goblins
  4 kobolds
  4 rats
95 creatures vanquished.

Notes
Turn   | Place    | Note
-------+----------+-------------------------------------------
     0 | D:1      | 27snakeeyes612 the Naga Fighter began the quest for the
                  | Orb.
     0 | D:1      | Reached XP level 1. HP: 21/21 MP: 1/1
   327 | D:1      | Reached XP level 2. HP: 27/28 MP: 2/2
  1150 | D:2      | Reached XP level 3. HP: 22/34 MP: 3/3
  2253 | D:3      | Found a broken altar of Ashenzari.
  2495 | D:3      | Reached XP level 4. HP: 37/42 MP: 4/4
  2512 | D:3      | Reached skill level 3 in Axes
  3788 | D:4      | Found a runed translucent door.
  3798 | D:4      | Noticed an ogre
  3803 | D:4      | Killed an ogre
  3804 | D:4      | Reached XP level 5. HP: 49/49 MP: 5/5
  3804 | D:4      | Noticed Grinder
  3810 | D:4      | Killed Grinder
  3811 | D:4      | Reached skill level 4 in Axes
  3811 | D:4      | Reached XP level 6. HP: 41/57 MP: 6/6
  3895 | D:4      | Noticed DeathSun's ghost (amateur DrFE)
  4173 | D:4      | Reached XP level 7. HP: 24/63 MP: 7/7
  4587 | D:4      | Found a shimmering altar of Xom.
  4613 | D:4      | Reached skill level 5 in Axes
  4720 | D:5      | Entered Level 5 of the Dungeon
  5031 | D:5      | Noticed Sigmund
  5037 | D:5      | Reached skill level 1 in Dodging
  5047 | D:5      | Killed Sigmund
  5048 | D:5      | Reached skill level 6 in Axes
  5048 | D:5      | Reached XP level 8. HP: 15/72 MP: 8/8
  5695 | D:5      | Reached skill level 5 in Armour
  5695 | D:5      | Reached skill level 1 in Evocations
  5903 | D:5      | Noticed a two-headed ogre
  5914 | D:5      | HP: 1/73 [two-headed ogre/+0 giant spiked club (26)]
  5914 | D:5      | Mangled by a two-headed ogre

Illustrated notes

Levels and vault maps discovered:
D:1:      scummos_arrival_hexagon, layout_basic, minmay_fountain_box
D:2:      layout_basic, patterned_corridor
D:3:      layout_loops_cross, nicolae_overflow_crystal_walls
D:4:      layout_basic, tgw_xom, ebering_ghost_reflecting_pool, uniq_grinder
D:5:      layout_loops_cross, portal_sewer_entry_a, grunt_ministairs_6,
          uniq_sigmund

Skill      XL: |  1  2  3  4  5  6  7  8 |
---------------+-------------------------+-----
Axes           | 3 4 6 |  6.5
Armour         | 3 4 5 |  5.0
Shields        | 3 |  3.4
Fighting       | 4 |  4.5
Dodging        | 1 2 |  2.0
Evocations     | 1 |  1.0
Stealth        | |  0.9

Action                   |  1- 3 |  4- 6 |  7- 9 || total
-------------------------+-------+-------+-------++-------
Melee: War axe           |   119 |   102 |   123 ||   344
Throw: Dart              |       |       |     4 ||     4
 Abil: Spit Poison       |     7 |     4 |     2 ||    13
Evoke: Wand              |       |     4 |     6 ||    10
  Use: Scroll            |       |     8 |     2 ||    10
       Potion            |       |     2 |     3 ||     5
Armor: Scale mail        |    47 |    51 |    52 ||   150
       Skin              |       |       |    40 ||    40
Dodge: Dodged            |    32 |    37 |    35 ||   104
Block: Kite shield       |    64 |    63 |    70 ||   197

Table legend: (Time is in decaauts)
 A = Elapsed time spent in this place.
 B = Non-inter-level travel time spent in this place.
 C = Inter-level travel time spent in this place.
 D = Time resting spent in this place.
 E = Time spent auto-exploring this place.
 F = Levels seen in this place.
 G = Mean time per level.
                   A        B        C        D        E       F      G
               +--------+--------+--------+--------+--------+-----+--------+
         Total |   7017 |   6846 |    171 |   1569 |   4341 |   5 | 1403.4 |
       Dungeon |   7017 |   6846 |    171 |   1569 |   4341 |   5 | 1403.4 |
               +--------+--------+--------+--------+--------+-----+--------+

Top non-repeatable levels by time:
     D:4: 2208 daAuts
     D:3: 2015 daAuts
     D:1: 1402 daAuts
     D:2: 1149 daAuts
     D:5: 242 daAuts
